 Dungeon Sprint DCSS version 0.20.1-1-g8b1a95d (webtiles) character file.

8 potatolord6000 the Skirmisher (level 2, -12/28 HPs)
             Began as a Draconian Fighter on Aug 28, 2017.
             Was an Initiate of Qazlal.
             Mangled by a large abomination (36 damage)
             ... in the Dungeon (Sprint V: "Ziggurat Sprint").
             The game lasted 00:02:00 (136 turns).

potatolord6000 the Skirmisher (Draconian Fighter)    Turns: 136, Time: 00:02:01

Health: -12/28     AC:  4    Str: 35    XL:     2   Next: 0%
Magic:  5/5        EV: 13    Int:  8    God:    Qazlal [......]
Gold:   0          SH:  0    Dex: 10    Spells: 6/6 levels left

rFire    . . .     SeeInvis .   k - +2 sword of Power
rCold    . . .     Gourm    .   (shield currently unavailable)
rNeg     . . .     Faith    .   (armour unavailable)
rPois    .         Spirit   .   (helmet restricted)
rElec    .         Reflect  .   (no cloak)
rCorr    .         Harm     .   (no gloves)
MR       .....     NoTele   +   (no boots)
Stlth    +.........             (no amulet)
Regen    0.1/turn               p - +6 ring of strength
MPRegen  0.1/turn               q - +6 ring of strength

@: mighty, hasted, invisible, very quick
A: unfitting armour, cold-blooded, AC +4
a: Renounce Religion


You were in the Dungeon.
You worshipped Qazlal.
Qazlal was noncommittal.
You were not hungry.

You visited 1 branch

Inventory:

Hand Weapons
 k - the +2 sword of Power (weapon)
   (You found it in the Dungeon)
Jewellery
 p - a +6 ring of strength (left hand)
 q - a +6 ring of strength (right hand)
Scrolls
 j - 4 scrolls of blinking
 l - 4 scrolls of amnesia
 m - 3 scrolls of recharging
 n - 7 scrolls of fog
 o - a scroll of holy word
 r - 5 scrolls of identify
 s - 5 scrolls of remove curse
 t - 2 scrolls of fear
Potions
 c - 5 potions of might
 e - 10 potions of curing
 f - 9 potions of heal wounds
 g - 5 potions of haste
 h - 7 potions of magic
 i - 3 potions of berserk rage
 u - 2 potions of brilliance
 v - a potion of invisibility
 w - 4 potions of resistance
 z - 5 potions of agility
Comestibles
 a - 42 fruits
 b - 4 meat rations
 d - 5 bread rations


   Skills:
 + Level 4.9 Fighting
 + Level 3.8 Long Blades
 + Level 4.0 Dodging
   Level 3.0 Shields
 + Level 2.6 Spellcasting
 + Level 3.3 Invocations


You had 6 spell levels left.
You didn't know any spells.

Dungeon Overview and Level Annotations

Branches:
Dungeon (1/1)

Altars:
Ashenzari
Cheibriados
Dithmenos
Elyvilon
Fedhas
Gozag
Hepliaklqana
Kikubaaqudgha
Makhleb
Nemelex Xobeh
Okawaru
Qazlal
Ru
Sif Muna
Trog
Uskayaw
Vehumet
Xom
Yredelemnul
Zin
The Shining One
Beogh
Jiyva
Lugonu

Annotations:
D 1 transporter


Innate Abilities, Weirdness & Mutations

Your plain brown scales are hard. (AC +4)
You cannot fit into any form of body armour.
You are cold-blooded and may be slowed by cold attacks.


Message History

You start resting.
Magic restored.
Welcome to arena 1.
You enter the transporter and appear at another place.
A shadow imp and a large abomination come into view.
The shadow imp shouts, "Beg for mercy, thou dankish earth-vexing frater!"
Found a +3 chain mail of fire resistance and a +1 falchion of slicing.
Found a transporter.
You feel very mighty all of a sudden.
You feel yourself speed up. The shadow imp gestures at you.
Pain shoots through your body!
The large abomination closely misses you.
You riposte.
You hit the large abomination but do no damage.
You feel much better. The shadow imp hits you.
You fade into invisibility!
The large abomination hits you!!!
Ouch! That really hurt!
You die...

▓▓▓▓▓▓▓
▓.8©8.▓
▓.....▓
▓.).[.▓
▓.....▓
▓..5X.▓
▓..@..▓
▓▓▓▓▓▓▓


You could see a large abomination and a shadow imp.

Vanquished Creatures (others)
  A spatial maelstrom (D)
1 creature vanquished.

Notes
Turn   | Place    | Note
-------+----------+-------------------------------------------
     0 | D        | potatolord6000 the Draconian Fighter began the quest for the Orb.
     0 | D        | Reached XP level 1. HP: 19/19 MP: 1/1
     0 | D        | Found a blossoming altar of Fedhas.
     3 | D        | Banished a spatial maelstrom
     8 | D        | Found a transporter.
     8 | D        | Found a viscous altar of Jiyva.
     8 | D        | Found an ancient bone altar of Kikubaaqudgha.
     8 | D        | Found a hazy altar of Hepliaklqana.
     8 | D        | Found a corrupted altar of Lugonu.
     8 | D        | Found an opulent altar of Gozag.
     8 | D        | Found a burning altar of Makhleb.
    20 | D        | Found an iron altar of Okawaru.
    20 | D        | Found a stormy altar of Qazlal.
    20 | D        | Found a sparkling altar of Nemelex Xobeh.
    20 | D        | Found a sacrificial altar of Ru.
    20 | D        | Found a deep blue altar of Sif Muna.
    37 | D        | Found a bloodstained altar of Trog.
    78 | D        | Became a worshipper of Qazlal Stormbringer
    87 | D        | Reached XP level 2. HP: 28/28 MP: 1/5
   132 | D        | Entered arena 2.
   132 | D        | Noticed a large abomination
   132 | D        | Found a transporter.
   136 | D        | Mangled by a large abomination

Skill      XL: |  1 |
---------------+----+-----
Fighting       | 4 |  4.9
Long Blades    | 3 |  3.8
Dodging        | 4 |  4.0
Spellcasting   | 2 |  2.6
Invocations    | 3 |  3.3
Shields        | |  3.0

Action                   || total
-------------------------++-------
  Use: Potion            ||     5
Dodge: Dodged            ||     1
       Rpst.: Great sword ||     1
